cohdb
Replays
Latest Replays
All Replays
Popular Replays
Top Player Replays
Match Explorer
How It Works
Community
CoH3 Stats
Reddit
Sign in to upload your games and track your stats! →
Sign in with Steam
Match 42568011
Unlisted
Match 42568011
Overview
Messages
Build Orders
End
Construct Section Command Post
Selects Heavy Armor Battlegroup
Infantry Section
Dingo Light Scout Car
Infantry Section
Infantry Section
Selects Rigorous Vehicle Training
Construct Platoon Command Post
Humber Armored Car
Selects Light Vehicle Withdraw and Refit
Selects Radio Net
CMP 15cwt Truck
Forward Retreat Point
6-pounder Anti-tank Gun Team
Unlock Bishop Self-propelled Artillery
Bishop Self-propelled Artillery
Royal Engineer Section
Bishop Self-propelled Artillery
✖NaNoir✖✖
2087556
Ollie
很好很好很好啊
iceman
did u guys freeze
XDAY- LE MALADE MENTAL
Elunie
0
0
Comments
sign in to comment!
No comments posted yet!